 Dungeon Crawl Stone Soup version 0.18.1-50-g88ac8fd (webtiles) character file.

9455 HolyRage the Nimble (level 11, -1/104 (105) HPs)
             Began as a Troll Monk on Sept 18, 2016.
             Was a High Priest of Okawaru.
             Succumbed to a death drake's dark miasma
             ... on level 10 of the Dungeon.
             The game lasted 00:47:09 (8381 turns).

HolyRage the Nimble (Troll Monk)                    Turns: 8381, Time: 00:47:09

HP:   -1/104 (105)  AC:  7    Str: 21    XL:     11   Next: 23%
MP:   8/10          EV: 21    Int:  6    God:    Okawaru [*****.]
Gold: 597           SH:  0    Dex: 17    Spells: 0 memorised, 10 levels left

rFire  x . .     SeeInvis .       - Unarmed
rCold  + . .     Gourm    +     a - +1 robe
rNeg   . . .     Faith    .     (no shield)
rPois  .         Spirit   .     (helmet restricted)
rElec  .         Dismiss  .     Q - +0 cloak
rCorr  .         Reflect  .     (gloves unavailable)
SustAt .         Harm     .     (boots unavailable)
MR     .....                    h - amulet of rage
Stlth  +++.......               T - +2 ring of dexterity
                                c - ring of ice

@: lethally poisoned (-1 -> -24), heroism, non-regenerating, diseased, slowed,
drained, very slow, not resistant to hostile enchantments, fairly stealthy
A: unfitting armour, claws 3, fast metabolism 3, gourmand, regeneration 2,
shaggy fur 1, tough skin 2
a: Heroism, Finesse, Renounce Religion, Evoke Berserk Rage


You were on level 10 of the Dungeon.
You worshipped Okawaru.
Okawaru was extremely pleased with you.
You were very full.

You visited 2 branches of the dungeon, and saw 12 of its levels.
You also visited: Ossuary.

You collected 597 gold pieces.

Inventory:

Hand Weapons
 K - a cursed -1 giant spiked club
 P - a +4 quarterstaff of chaos
 S - a +2 morningstar
Missiles
 U - 2 large rocks (quivered)
Armour
 a - a +1 robe (worn)
 Q - a +0 cloak (worn)
Rods
 X - a -1 iron rod (12/12)
   (You found it on level 12 of the Dungeon)
Jewellery
 c - a ring of ice (left claw)
 e - an uncursed ring of fire
 h - an amulet of rage (around neck)
 x - an uncursed ring of fire
 T - a +2 ring of dexterity (right claw)
 Y - an uncursed ring of see invisible
Wands
 g - a wand of flame (23/48)
 o - a wand of slowing (27/48)
 I - a wand of disintegration (12/24)
Scrolls
 j - 2 scrolls of recharging
 k - a scroll of fear {unknown}
 r - 2 scrolls of teleportation
 s - a scroll of magic mapping
 v - a scroll of random uselessness
 y - a scroll of enchant armour
 z - a scroll of immolation
 H - 4 scrolls of amnesia
 J - a scroll of acquirement {unknown}
 N - a scroll of remove curse
 O - 2 scrolls of identify
 R - a scroll of enchant weapon {unknown}
Potions
 d - a potion of might {unknown}
 f - 8 potions of curing
 i - 3 potions of agility
 l - 3 potions of haste
 n - a potion of beneficial mutation {unknown}
 p - 3 potions of mutation {unknown}
 q - 2 potions of brilliance {unknown}
 u - 4 potions of invisibility {unknown}
 B - 8 potions of flight {unknown}
 C - a potion of resistance {unknown}
 D - a potion of cure mutation {unknown}
 E - a potion of magic {unknown}
 F - a potion of heal wounds {unknown}
 L - a potion of lignification {unknown}
Books
 m - a book of Burglary

   Spells                             Type                      Level
   a - Swiftness                      Charms/Air                   2
   b - Passwall                       Transmutation/Earth          2
   c - Passage of Golubria            Translocation                4
   d - Lee's Rapid Deconstruction     Earth                        5
   e - Darkness                       Hexes                        6
   f - Invisibility                   Hexes                        6
 A - a book of Minor Magic

   Spells                             Type                      Level
   a - Magic Dart                     Conjuration                  1
   b - Blink                          Translocation                2
   c - Call Imp                       Summoning                    2
   d - Repel Missiles                 Charms/Air                   2
   e - Slow                           Hexes                        2
   f - Conjure Flame                  Conjuration/Fire             3
   g - Mephitic Cloud                 Conjuration/Poison/Air       3
Miscellaneous
 V - a stone of tremors
Comestibles
 b - 7 bread rations
 t - 3 slices of pizza
 w - 3 meat rations
 M - 2 beef jerkies
 W - 3 fruits


   Skills:
 + Level 5.7(10.6) Fighting
 - Level 0.5(5.4) Maces & Flails
 - Level 11.1(16.0) Dodging
 - Level 1.1(6.0) Stealth
 - Level 11.0(15.8) Unarmed Combat


You had 10 spell levels left.
You didn't know any spells.

Dungeon Overview and Level Annotations

Branches:
Dungeon (12/15)            Temple (1/1) D:4            Lair (0/8) D:10
    Orc: D:9-12

Altars:
Ashenzari
Cheibriados
Dithmenos
Elyvilon
Fedhas
Gozag
Kikubaaqudgha
Makhleb
Nemelex Xobeh
Okawaru
Pakellas
Qazlal
Ru
Sif Muna
Trog
Vehumet
Xom
Yredelemnul
Zin
The Shining One

Shops:
D:10 [:


Innate Abilities, Weirdness & Mutations

You are too large for most types of armour.
You have claws for hands.
Your metabolism is lightning-fast.
You like to eat raw meat.
You heal very quickly.
You are covered in fur (AC +1).
You have very tough skin (AC +2).


Message History

The foul vapour engulfs you!
You are more poisoned.
You feel as though you will be slow longer.
* * * LOW HITPOINT WARNING * * *
The death drake misses you.
You scratch the death drake.
The death drake is moderately wounded.
You are engulfed in dark miasma.
You are more poisoned.
You feel your flesh rotting away!
* * * LOW HITPOINT WARNING * * *
x2 You feel extremely sick.
The death drake barely misses you.
Read which item? (? for menu, Esc to quit)
Okay, then.
Drink which item? (? for menu, Esc to quit)
You feel better.
You are engulfed in dark miasma.
You are poisoned.
You feel your flesh rotting away!
You feel ill.
* * * LOW HITPOINT WARNING * * *
You die...

≈≈≈≈≈........#
≈≈≈≈≈........#
≈≈≈≈....≈≈...#
≈≈≈......≈...#
≈≈≈..........#
≈............#
.............#
............§#######
.....>......§§§§@k§+
............§#######..
..........)...........
.............#########
.............#
...∩.........#
....[≈≈≈.....#
.....≈≈≈.....#
.....≈≈≈.....#


You could see a death drake.

Vanquished Creatures
  Nergalle (D:10)
  A hill giant (D:11)
  2 centaur zombies
  A centaur skeleton (D:10)
  The ghost of Duraxyll the Chopper, an amateur DsBe of Trog (D:4)
  3 two-headed ogres
  A wyvern (D:9)
  9 yaks
  2 hippogriffs
  4 ogres
  4 ice beasts
  A sky beast (D:7)
  2 orc warriors
  4 phantoms (D:9)
  A necrophage (D:11)
  A wolf (D:11)
  4 centaurs
  3 crocodiles
  A big kobold (D:7)
  A giant frog (D:6)
  2 wyvern zombies
  A gnoll sergeant (D:5)
  3 elf skeletons (D:5)
  5 water moccasin zombies
  4 scorpions
  4 killer bees (D:11)
  5 wights (D:9)
  2 electric eels (D:10)
  2 howler monkeys
  2 giant frog zombies
  2 crimson imps
  2 jellies
  3 hounds
  3 orc priests
  Crazy Yiuf (D:6)
  3 giant frog skeletons (D:6)
  A human skeleton (D:5)
  A gnoll shaman (D:5)
  2 iguanas
  3 orc wizards
  4 worker ants
  2 big kobold zombies (Ossuary)
  A hound zombie (D:5)
  2 mummies (Ossuary)
  2 worker ant zombies (D:6)
  53 gnolls
  2 howler monkey skeletons
  15 adders
  3 river rats (D:10)
  2 shadow imps (D:5)
  A white imp (D:11)
  An ufetubus (D:11)
  2 oozes
  2 adder skeletons
  6 adder zombies (Ossuary)
  5 worms
  3 dart slugs
  5 giant geckos
  13 orcs
  7 bats
  6 giant cockroaches
  2 gnoll zombies (Ossuary)
  11 goblins
  11 hobgoblins
  28 jackals
  9 kobolds
  4 quokkas
  2 ball pythons
  2 giant newts
  6 hobgoblin zombies (Ossuary)
  3 jackal skeletons
  8 kobold zombies (Ossuary)
  2 orc skeletons (D:5)
  4 orc zombies (Ossuary)
  A quokka zombie (D:7)
  14 rats
342 creatures vanquished.

Vanquished Creatures (others)
  A giant gecko (D:10)
1 creature vanquished.

Grand Total: 343 creatures vanquished

Notes
Turn   | Place    | Note
--------------------------------------------------------------
     0 | D:1      | HolyRage the Troll Monk began the quest for the Orb.
     0 | D:1      | Reached XP level 1. HP: 22/22 MP: 0/0
    96 | D:1      | Reached XP level 2. HP: 29/29 MP: 1/1
   502 | D:2      | Reached skill level 5 in Unarmed Combat
   521 | D:2      | Reached XP level 3. HP: 36/36 MP: 2/2
   836 | D:2      | Found a glowing silver altar of Zin.
  1339 | D:3      | Reached XP level 4. HP: 44/44 MP: 3/3
  1629 | D:3      | Reached XP level 5. HP: 50/50 MP: 4/4
  1720 | D:3      | Found an opulent altar of Gozag.
  2067 | D:4      | Reached XP level 6. HP: 57/59 MP: 5/5
  2166 | D:4      | Found a staircase to the Ecumenical Temple.
  2186 | D:4      | Noticed Duraxyll's ghost (amateur DsBe)
  2200 | D:4      | Killed Duraxyll's ghost
  2222 | Temple   | Entered the Ecumenical Temple
  2326 | Temple   | Became a worshipper of Warmaster Okawaru
  2326 | Temple   | Reached * piety under Okawaru
  2326 | Temple   | Reached ** piety under Okawaru
  2614 | D:4      | Found a burning altar of Makhleb.
  2667 | D:5      | Entered Level 5 of the Dungeon
  2697 | D:5      | Reached XP level 7. HP: 59/66 MP: 6/6
  2750 | D:5      | Found a sand-covered staircase.
  2862 | Ossuary  | Entered an ossuary
  2988 | Ossuary  | Reached skill level 10 in Unarmed Combat
  3002 | Ossuary  | Reached XP level 8. HP: 69/74 MP: 7/7
  3135 | D:5      | Reached *** piety under Okawaru
  4218 | D:5      | Reached skill level 5 in Dodging
  4405 | D:5      | Reached XP level 9. HP: 79/80 MP: 5/8
  5580 | D:6      | Noticed Crazy Yiuf
  5583 | D:6      | Killed Crazy Yiuf
  5695 | D:7      | Reached **** piety under Okawaru
  5761 | D:7      | Found a blossoming altar of Fedhas.
  5811 | D:7      | You fall through a shaft for 2 floors!
  5922 | D:9      | Reached XP level 10. HP: 62/88 MP: 6/9
  6236 | D:9      | Received a gift from Okawaru
  6638 | D:10     | Entered Level 10 of the Dungeon
  6669 | D:10     | Reached ***** piety under Okawaru
  6669 | D:10     | Reached skill level 10 in Dodging
  6909 | D:10     | Found a staircase to the Lair.
  6980 | D:10     | HP: 1/88 [electric eel/bolt of electricity (7)]
  7298 | D:10     | Received a gift from Okawaru
  7658 | D:12     | Noticed a white ugly thing
  7882 | D:11     | Noticed a hill giant
  8002 | D:11     | Killed a hill giant
  8005 | D:11     | Reached XP level 11. HP: 98/98 MP: 7/10
  8162 | D:10     | Found Utupeos's Antique Armour Emporium.
  8195 | D:10     | Found Focots's Book Boutique.
  8219 | D:10     | Reached skill level 5 in Fighting
  8221 | D:10     | Noticed Nergalle
  8259 | D:10     | Killed Nergalle
  8367 | D:10     | Noticed a death drake
  8380 | D:10     | HP: 5/101 [poisoned by a death drake (dark miasma)]
  8381 | D:10     | HP: 2/104 [death drake (shapeshifter)] (8)]
  8381 | D:10     | Succumbed to a death drake's dark miasma

Skill      XL: |  1  2  3  4  5  6  7  8  9 10 11 |
---------------+----------------------------------+-----
Unarmed Combat | 5 6 7 8 10 11 | 11.0
Dodging        | 5 8 11 | 11.1
Fighting       | 3 5 |  5.7
Maces & Flails | |  0.5
Stealth        | |  1.1

Action                   |  1- 3 |  4- 6 |  7- 9 | 10-12 || total
-------------------------+-------+-------+-------+-------++-------
Melee: Unarmed           |   106 |   144 |   514 |   257 ||  1021
       Punch             |     1 |     2 |    23 |    25 ||    51
       Morningstar       |       |       |       |    52 ||    52
Invok: Heroism           |       |       |    10 |    13 ||    23
       Finesse           |       |       |       |     1 ||     1
  Use: Scroll            |       |     7 |     6 |     4 ||    17
       Potion            |       |       |       |     2 ||     2
 Stab: Sleeping          |     1 |     2 |     6 |     1 ||    10
       Distracted        |       |       |       |     1 ||     1
  Eat: Chunk             |    18 |    10 |    32 |    24 ||    84
Armor: Robe              |    28 |    50 |    81 |    69 ||   228
Dodge: Dodged            |    34 |    53 |   231 |   243 ||   561
